 Seeded DCSS version 0.30.1-11-g7821555f0a (webtiles) character file.

Game seed: 5 (custom seed)

912 Kazon the Sneak (level 7, -8/40 HPs)
             Began as a Vampire Gladiator on Dec 6, 2023.
             Was an Initiate of Makhleb.
             Killed from afar by Dowan (9 damage)
             ... with a puff of flame
             ... on level 6 of the Dungeon.
             The game lasted 00:16:01 (3452 turns).

Kazon the Sneak (Vampire Gladiator)                 Turns: 3452, Time: 00:16:02

Health: -8/40      AC:  7    Str: 18    XL:     7   Next: 82%
Magic:  0/17       EV: 11    Int: 11    God:    Makhleb [......]
Gold:   220        SH: 14    Dex: 21    Spells: 6/6 levels left

rFire   . . .        f - +0 hand axe (flame)
rCold   + + .        c - +0 tower shield
rNeg    + + +        b - +0 leather armour
rPois   ∞            j - +0 helmet
rElec   .            (no cloak)
rCorr   .            (no gloves)
SInv    +            A - +2 pair of boots "Urureanu" {+Blink rPois Regen+ Str+3}
Will    .....        E - amulet of guardian spirit
Stlth   +++++        s - ring of magical power
HPRegen 0.00/turn    y - +6 ring of dexterity
MPRegen 0.15/turn

%: guardian spirit
@: bloodless, inhibited regen
A: bloodless, fangs 3, see invisible, vampiric 2
a: Bat Form, Revivify, Renounce Religion, Evoke Blink


You were on level 6 of the Dungeon.
You worshipped Makhleb.
Makhleb was noncommittal.
You visited 2 branches of the dungeon, and saw 7 of its levels.

You collected 220 gold pieces.

Inventory:

Hand Weapons
 a - a +0 long sword
 e - a +2 vampiric dagger
 f - a +0 hand axe of flaming (weapon)
Missiles
 d - 3 throwing nets
 g - 17 stones
 k - 3 boomerangs
 m - 2 poisoned darts (quivered)
 r - a javelin
Armour
 b - a +0 leather armour (worn)
 c - a +0 tower shield (worn)
 j - a +0 helmet (worn)
 A - the +2 pair of boots "Urureanu" (worn) {+Blink rPois Regen+ Str+3}
   (You acquired it on level 1 of the Dungeon)

   Str:       It affects your strength (+3).
   rPois:     It protects you from poison.
   +Blink:    It lets you blink.
   Regen:     It increases your rate of health regeneration.
Jewellery
 s - a ring of magical power (left hand)
 y - a +6 ring of dexterity (right hand)
 E - an amulet of guardian spirit (around neck)
Wands
 B - a wand of paralysis (8)
Scrolls
 h - a scroll of fog {unknown}
 n - a scroll of blinking {unknown}
 o - 2 scrolls of identify {unknown}
 p - a scroll of summoning {unknown}
 q - 2 scrolls of magic mapping {unknown}
 t - 2 scrolls of teleportation {unknown}
 w - a scroll of torment {unknown}
 C - a scroll of amnesia {unknown}
 G - a scroll of poison {unknown}
Potions
 i - 2 potions of invisibility {unknown}
 l - 3 potions of curing {unknown}
 u - 3 potions of flight {unknown}
 v - a potion of berserk rage {unknown}
 x - a potion of resistance {unknown}
 z - 2 potions of heal wounds {unknown}
 D - a potion of lignification {unknown}
 F - a potion of attraction {unknown}


   Skills:
 + Level 2.4 Fighting
 + Level 1.9(3.7) Short Blades
 + Level 4.5(4.7) Long Blades
 + Level 2.1 Axes
 + Level 1.9 Throwing
 + Level 2.0 Armour
 + Level 4.3 Dodging
 + Level 4.7 Stealth
 + Level 2.5 Shields
 * Level 1.4 Invocations
 * Level 2.7 Evocations


You had 6 spell levels left.
You didn't know any spells.
Your spell library contained the following spells:

 Spells                   Type           Power      Damage    Failure   Level
 Frozen Ramparts          Ice            0%         1d1       100%        3
 Ice Form                 Ice/Tmut       0%         N/A       100%        4
 Summon Ice Beast         Ice/Summ       0%         N/A       100%        4


Dungeon Overview and Level Annotations

Branches:
Dungeon (6/15)             Temple (1/1) D:4

Altars:
Dithmenos
Fedhas
Gozag
Hepliaklqana
Makhleb
Qazlal
Wu Jian

Annotations:
D:6 Dowan, Duvessa


Innate Abilities, Weirdness & Mutations

You do not regenerate when monsters are visible.
You are frail without blood (-20% HP).
You can heal yourself when you bite living creatures.
You are immune to poison.
You have razor-sharp teeth.
You have supernaturally acute eyesight. (SInv)
You are afflicted with vampirism and can become a bat while bloodless.


Message History

You hit Duvessa. You burn Duvessa.
Duvessa is moderately wounded.
You block Duvessa's attack. Duvessa hits you with a +0 short sword!
Duvessa closely misses you.
You hit Duvessa. You burn Duvessa.
Duvessa is heavily wounded.
You block Duvessa's attack.
Dowan mumbles some strange words.
Dowan blinks!
You block Duvessa's attack.
You hit Duvessa. You burn Duvessa.
Duvessa is heavily wounded.
Duvessa says, "When magic and the sword combine, nothing stands against them."
You block Duvessa's attack. x2
You closely miss Duvessa.
Duvessa is heavily wounded.
You block Duvessa's attack. Duvessa hits you with a +0 short sword.
* * * LOW HITPOINT WARNING * * *
Duvessa hits you with a +0 short sword.
* * * LOW HITPOINT WARNING * * *
You hit Duvessa but do no damage.
Duvessa is heavily wounded.
Duvessa hits you but does no damage. You block Duvessa's attack.
You hit Duvessa but do no damage.
Duvessa is heavily wounded.
You barely miss Dowan.
Duvessa says, "Where magic fails, the sword succeeds!"
You block Duvessa's attack.
Dowan points at you and mumbles some strange words.
The puff of frost hits you but does no damage.
Duvessa hits you with a +0 short sword!
* * * LOW HITPOINT WARNING * * *
You block Dowan's attack. Duvessa hits you but does no damage.
Duvessa attacks as you move away! You block Duvessa's attack.
Dowan casts a spell.
Dowan blinks!
Duvessa attacks as you move away! Duvessa hits you with a +0 short sword.
* * * LOW HITPOINT WARNING * * *
Dowan gestures at you while chanting. The puff of flame hits you!
You die...

### ##### ###
#.# #..<#
#...###e###.###
#..[..@...#
#....e#####
##..§.#
........#
........#
.....(.##
....... #+#....
#....


You could see Duvessa (fast) and Dowan.

Vanquished Creatures
  Sigmund (D:4)
  2 black bears (D:4)
  An ogre (D:5)
  A scorpion (D:4)
  3 hounds (D:5)
  A jelly (D:5)
  4 iguanas
  4 gnolls (D:5)
  8 adders
  An ufetubus (D:4)
  3 worms
  6 orcs
  4 bats
  9 endoplasms
  A giant cockroach (D:1)
  12 goblins
  7 hobgoblins
  11 jackals
  3 kobolds
  3 quokkas (D:4)
  6 ball pythons
  3 frilled lizards
  4 rats
98 creatures vanquished.

Notes
Turn   | Place    | Note
-------+----------+-------------------------------------------
     0 | D:1      | Kazon the Vampire Gladiator began the quest for the Orb.
     0 | D:1      | Reached XP level 1. HP: 16/16 MP: 1/1
    49 | D:1      | Identified a scroll of acquirement
    49 | D:1      | Acquired the +2 pair of boots "Urureanu" {+Blink rPois
                  | Regen+ Str+3}
    87 | D:1      | Reached XP level 2. HP: 16/22 MP: 2/2
   579 | D:1      | Gained mutation: You are afflicted with vampirism and can
                  | become a bat while bloodless. [Vampire growth]
   579 | D:1      | Reached XP level 3. HP: 27/27 MP: 3/3
  1132 | D:2      | Reached XP level 4. HP: 19/29 MP: 4/4
  1270 | D:2      | Reached skill level 1 in Armour
  1335 | D:2      | Reached skill level 1 in Evocations
  1533 | D:2      | Reached skill level 1 in Stealth
  1638 | D:3      | Found a blossoming altar of Fedhas.
  1824 | D:3      | Found a stormy altar of Qazlal.
  1999 | D:3      | Found a faded altar of an unknown god.
  2047 | D:3      | Identified the +2 sling "Qeuhanocyt" {speed, rElec Str-3
                  | Dex+2}
  2106 | D:4      | Noticed a scorpion
  2115 | D:4      | Killed a scorpion
  2116 | D:4      | Reached skill level 1 in Shields
  2116 | D:4      | Reached XP level 5. HP: 26/26 MP: 5/5
  2143 | D:4      | Noticed Sigmund
  2148 | D:4      | Killed Sigmund
  2149 | D:4      | Reached skill level 1 in Axes
  2149 | D:4      | Reached XP level 6. HP: 30/35 MP: 6/6
  2226 | D:4      | Found a staircase to the Ecumenical Temple.
  2237 | Temple   | Entered the Ecumenical Temple
  2256 | Temple   | Became a worshipper of Makhleb the Destroyer
  2486 | D:4      | Found a hazy altar of Hepliaklqana.
  2487 | D:4      | Found a shadowy altar of Dithmenos.
  2487 | D:4      | Noticed a shadow
  2571 | D:4      | Reached skill level 1 in Short Blades
  2571 | D:4      | Reached XP level 7. HP: 12/40 MP: 7/7
  2934 | D:5      | Entered Level 5 of the Dungeon
  3029 | D:5      | Reached skill level 1 in Invocations
  3433 | D:6      | Noticed Dowan
  3434 | D:6      | Noticed Duvessa
  3452 | D:6      | HP: 1/40 [Duvessa/+0 short sword (4)]
  3452 | D:6      | Killed from afar by Dowan

Illustrated notes

Levels and vault maps discovered:
D:1:      ebering_trefoil_3fold, layout_basic, st_stairs_14, serial_bayou_ford_a
D:2:      layout_basic, hangedman_decor_growths, minmay_close_crescents
D:3:      layout_rooms, mainiacjoe_overflow_concentric_impassable,
          mainiacjoe_overflow_paths, shapermc_ecumenical_altar_acropolis,
          chequers_serial_rivers_micro_b
D:4:      layout_basic, riverfiend_overflow_shadow_ancestor,
          minmay_temple_entry_glass, uniq_sigmund
D:5:      layout_gridville
D:6:      layout_basic, xom_teletrap_fun, uniq_duvessa
Temple:   nicolae_temple_elliptical

Skill      XL: |  1  2  3  4  5  6  7 |
---------------+----------------------+-----
Fighting       | 2 |  2.4
Long Blades    | 4 |  4.5
Armour         | 1 2 |  2.0
Evocations     | 1 2 |  2.7
Stealth        | 2 3 4 |  4.7
Shields        | 1 2 |  2.5
Axes           | 1 2 |  2.1
Short Blades   | 1 |  1.9
Invocations    | 1 |  1.4
Dodging        | 4 |  4.3
Throwing       | |  1.9

Action                     |  1- 3 |  4- 6 |  7- 9 || total
---------------------------+-------+-------+-------++-------
  Melee: Long sword        |   109 |    56 |       ||   165
         Bite              |     9 |    16 |    13 ||    38
         Punch             |     1 |       |       ||     1
         Dagger            |       |    81 |    31 ||   112
         Hand axe          |       |     2 |    61 ||    63
  Throw: Stone             |       |     8 |     6 ||    14
         Dart              |       |       |     3 ||     3
Ability: Exsanguinate      |     1 |     1 |       ||     2
         Revivify          |     1 |       |       ||     1
         Evoke Blink       |     1 |       |       ||     1
    Use: Scroll            |     2 |       |       ||     2
         Potion            |     1 |       |       ||     1
   Stab: Sleeping          |     2 |    10 |     4 ||    16
 Armour: Leather armour    |    35 |    55 |    26 ||   116
  Dodge: Dodged            |    52 |    48 |    44 ||   144
  Block: Tower shield      |    34 |   100 |    76 ||   210
